 Dungeon Sprint DCSS version 0.30.1-11-g7821555f0a (webtiles) character file.

Game seed: 9447841294355260458

588 Heoruswealwe the Imperceptible (level 7, -10/32 HPs)
             Began as a Spriggan Artificer on Dec 8, 2023.
             Mangled by a sun demon (13 damage)
             ... summoned by a kobold demonologist
             ... in the Dungeon (Sprint III: "The Ten Rune Challenge").
             The game lasted 00:05:16 (261 turns).

Heoruswealwe the Imperceptible (Spriggan Artificer)  Turns: 261, Time: 00:05:18

Health: -10/32     AC:  2    Str:  8    XL:     7   Next: 15%
Magic:  8/8        EV: 18    Int: 12    God:
Gold:   16         SH:  0    Dex: 18    Spells: 6/6 levels left

rFire   . . .        a - +1 long sword (holy)
rCold   . . .        (no shield)
rNeg    . . .        c - +0 robe
rPois   .            (helmet restricted)
rElec   .            (no cloak)
rCorr   .            (gloves unavailable)
SInv    +            (boots unavailable)
Will    +....        (no amulet)
Stlth   ++++++++     (no ring)
HPRegen 0.25/turn    (no ring)
MPRegen 0.11/turn

%: no teleportation
@: very quick
A: very small, no large weapons, unfitting armour, see invisible, speed 3
a: no special abilities


You were in the Dungeon.
You visited 1 branch You collected 16 gold pieces.

Inventory:

Hand Weapons
 a - a +1 long sword of holy wrath (weapon)
Armour
 c - a +0 robe (worn)
Wands
 d - a wand of charming (15)
Scrolls
 k - a scroll of blinking
Potions
 f - 2 potions of curing
 g - a potion of heal wounds
 j - 5 potions of mutation
 m - 2 potions of flight {unknown}


   Skills:
 - Level 0.7 Fighting
 - Level 3.2 Dodging
 + Level 22.5 Stealth
 - Level 4.0 Evocations


You had 6 spell levels left.
You didn't know any spells.
Your spell library was empty.

Dungeon Overview and Level Annotations

Branches:
Dungeon (1/1)

Altars:
Elyvilon
Kikubaaqudgha
Sif Muna
Vehumet
Zin
The Shining One


Innate Abilities, Weirdness & Mutations

You are very small and have problems with some larger weapons.
You are too small for most types of armour.
You have supernaturally acute eyesight. (SInv)
You cover ground extremely quickly. (Speed+++)


Message History

Found a book of Misfortune.
There is an open door here.
The helpless wizard fails to defend itself.
You slice the wizard!!
You kill the wizard!
The kobold demonologist shouts!
The kobold demonologist misses you.
Things that are here:
a +0 dagger; a +0 robe; a Trismegistus Codex You hit the kobold demonologist.
The kobold demonologist is heavily wounded.
The kobold demonologist gestures wildly while chanting.
You barely miss the kobold demonologist.
The kobold demonologist is heavily wounded.
The kobold demonologist closely misses you.
The white imp completely misses you.
The kobold demonologist barely misses you.
The iron imp barely misses you.
You barely miss the kobold demonologist.
You punch the kobold demonologist, but do no damage.
The kobold demonologist is heavily wounded.
The white imp closely misses you.
The kobold demonologist looks encouraged for a moment.
The iron imp barely misses you.
You closely miss the kobold demonologist.
The kobold demonologist is heavily wounded.
The white imp completely misses you.
The kobold demonologist casts a spell.
The iron imp completely misses you. The white imp gestures at you.
The puff of frost hits you.
The kobold demonologist mumbles some strange words.
You barely miss the kobold demonologist.
The kobold demonologist is heavily wounded.
The quasit completely misses you. x2; The quasit misses you.
The sun demon hits you!!
Ouch! That really hurt!
* * * LOW HITPOINT WARNING * * *
You are engulfed in flames!
You die...

###......♣ ♣.#...#
†!#....~♣♣♣♣♣.###'#+###+#
..#...~~♣♣♣.♣.#).........
..#..~~~~..♣..'.⌠........
#'#..~≈≈~~~.♣.#...######+
†)#.~~≈~~~....#.⌠.#
..#.~≈~~~.....#...#
..#.~~~.......#5###
###...†.......#.@K#
..............#355#
▓▓▓▓▓▓▓▓▓▓▓▓▓▓▓▓▓▓▓


You could see a sun demon (summoned), a kobold demonologist, an iron imp
(summoned), a quasit (summoned) and a white imp (summoned).

Vanquished Creatures
  A deep elf pyromancer (D)
  A scorpion (D)
  A water elemental (D)
  Jessica (D)
  A wizard (D)
  A human (D)
  3 rats (D)
9 creatures vanquished.

Notes
Turn   | Place    | Note
-------+----------+-------------------------------------------
     0 | D        | Heoruswealwe the Spriggan Artificer began the quest for the
                  | Orb.
     0 | D        | Reached XP level 1. HP: 9/9 MP: 2/2
     5 | D        | Reached skill level 3 in Stealth
    18 | D        | Noticed Jessica
    20 | D        | Killed Jessica
    21 | D        | Reached skill level 9 in Stealth
    21 | D        | Reached XP level 2. HP: 14/14 MP: 3/3
    42 | D        | Noticed a scorpion
    48 | D        | Killed a scorpion
    49 | D        | Reached skill level 13 in Stealth
    49 | D        | Reached XP level 3. HP: 17/17 MP: 4/4
    49 | D        | Reached XP level 4. HP: 21/21 MP: 5/5
   121 | D        | Noticed a water elemental
   123 | D        | Killed a water elemental
   124 | D        | Reached skill level 16 in Stealth
   124 | D        | Reached XP level 5. HP: 25/25 MP: 6/6
   128 | D        | Found a glowing silver altar of Zin.
   128 | D        | Found a glowing golden altar of the Shining One.
   128 | D        | Found a white marble altar of Elyvilon.
   129 | D        | Noticed a deep elf pyromancer
   132 | D        | Noticed a fire elemental
   140 | D        | Noticed a fire elemental
   140 | D        | Killed a deep elf pyromancer
   141 | D        | Reached skill level 22 in Stealth
   141 | D        | Reached XP level 6. HP: 9/29 MP: 7/7
   141 | D        | Reached XP level 7. HP: 10/32 MP: 8/8
   253 | D        | Found a radiant altar of Vehumet.
   253 | D        | Found a shimmering blue altar of Sif Muna.
   253 | D        | Found an ancient bone altar of Kikubaaqudgha.
   261 | D        | Noticed a sun demon
   261 | D        | Mangled by a sun demon

Illustrated notes

Levels and vault maps discovered:
D:        dungeon_sprint_mu [sprint_mu_entry_forest, sprint_mu_temple_rooms,
          sprint_mu_d1_horrors, sprint_mu_d2_genie, sprint_mu_d3_branching,
          sprint_mu_orc_legion, sprint_mu_elf_gauntlet, sprint_mu_hive_nellie,
          sprint_mu_lair_fedhas, sprint_mu_vaults_butterflies,
          sprint_mu_slime_circle, sprint_mu_swamp_cave, sprint_mu_shoals_archi,
          sprint_mu_blade_basic, sprint_mu_crypt_fortress,
          sprint_mu_tomb_spiral, sprint_mu_vestibule_basic,
          sprint_mu_gehenna_hellfire, sprint_mu_dis_giant,
          sprint_mu_tartarus_statrot, sprint_mu_cocytus_islands, sprint_mu_zot1]

Skill      XL: |  1  2  3  4  5 |
---------------+----------------+-----
Stealth        | 9 13 16 22 | 22.5
Fighting       | |  0.7
Dodging        | |  3.2
Evocations     | |  4.0

Action                     |  1- 3 |  4- 6 |  7- 9 || total
---------------------------+-------+-------+-------++-------
  Melee: Club              |     6 |     2 |       ||     8
         Long sword        |       |       |     6 ||     6
         Punch             |       |       |     1 ||     1
  Evoke: Wand              |     6 |    14 |       ||    20
    Use: Scroll            |       |     3 |       ||     3
         Potion            |       |     2 |       ||     2
   Stab: Sleeping          |     1 |     1 |     1 ||     3
 Armour: Robe              |     1 |     1 |       ||     2
  Dodge: Dodged            |     4 |     7 |    12 ||    23
